 Dungeon Crawl Stone Soup version 0.30-a0-711-gf4ac18a38d (webtiles) character file.

Game seed: 2894889748409084331

1123 Darius099 the Shield-Bearer (level 8, -10/51 HPs)
             Began as a Gargoyle Fighter on Jan 23, 2023.
             Mangled by an ogre
             ... wielding a +0 giant spiked club
              (13 damage)
             ... on level 5 of the Dungeon.
             The game lasted 00:08:01 (4109 turns).

Darius099 the Shield-Bearer (Gargoyle Fighter)      Turns: 4109, Time: 00:08:02

Health: -10/51     AC: 19    Str: 20    XL:     8   Next: 35%
Magic:  11/11      EV:  8    Int:  9    God:
Gold:   254        SH:  5    Dex: 11    Spells: 11/11 levels left

rFire   . . .      SeeInvis +    a - +0 flail
rCold   . . .      Faith    .    c - +0 buckler
rNeg    + . .      Spirit   .    f - +0 chain mail
rPois   ∞          Reflect  .    (no helmet)
rElec   +          Harm     .    (no cloak)
rCorr   .          Rampage  .    (no gloves)
Will    .....                    (no boots) Stlth
                                 (no amulet)
HPRegen 0.28/turn                l - +4 ring of protection
MPRegen 0.12/turn                t - ring of see invisible

@: no status effects
A: sickness immunity, AC +5, negative energy resistance 1, electricity
resistance, torment resistance 1, petrification resistance
a: no special abilities


You were on level 5 of the Dungeon.
You visited 1 branch of the dungeon, and saw 5 of its levels.

You collected 254 gold pieces.

Inventory:

Hand Weapons
 a - a +0 flail (weapon)
Armour
 c - a +0 buckler (worn)
 f - a +0 chain mail (worn)
Jewellery
 l - a +4 ring of protection (left hand)
 p - a ring of flight
 t - a ring of see invisible (right hand)
 x - a +6 ring of intelligence
 y - a ring of resist corrosion
Wands
 r - a wand of quicksilver (5)
Scrolls
 b - 2 scrolls of teleportation {unknown}
 e - 2 scrolls of identify {unknown}
 h - a scroll of fog {unknown}
 k - 2 scrolls of vulnerability {unknown}
 m - 2 scrolls of fear {unknown}
 n - a scroll of magic mapping {unknown}
 o - a scroll of amnesia {unknown}
 q - a scroll of poison {unknown}
 u - 2 scrolls of immolation {unknown}
 v - a scroll of noise {unknown}
Potions
 d - 2 potions of might
 g - 4 potions of curing {unknown}
 i - 4 potions of flight {unknown}
 j - a potion of cancellation {unknown}
 s - a potion of heal wounds {unknown}
 w - a potion of brilliance {unknown}
 z - a potion of magic {unknown}


   Skills:
 + Level 5.8 Fighting
 + Level 4.8 Maces & Flails
 + Level 5.8 Armour
 + Level 1.9 Dodging
 + Level 5.8 Shields
 + Level 2.1 Spellcasting


You had 11 spell levels left.
You didn't know any spells.
Your spell library was empty.

Dungeon Overview and Level Annotations

Branches:
Dungeon (5/15)
 Temple: D:4-7

Altars:
Yredelemnul
Zin

Shops:
D:4 (


Innate Abilities, Weirdness & Mutations

You are immune to sickness and miasma.
Your stone body is resilient. (AC +5)
You are immune to poison.
You resist negative energy. (rN+)
You are resistant to electric shocks. (rElec)
You are resistant to unholy torment.
You are immune to petrification.


Message History

You sock the orc priest!
The orc priest is almost dead.
The orc priest hits you but does no damage.
You hit the orc but do no damage.
The orc priest looks encouraged for a moment.
The orc barely misses you.
You hit the orc.
The orc is heavily wounded.
The orc hits you but does no damage.
You barely miss the orc.
The orc is heavily wounded.
The orc priest mumbles some strange prayers to Beogh against you.
Beogh smites you! The orc hits you but does no damage.
You hit the orc but do no damage.
The orc is heavily wounded.
You block the orc's attack.
You closely miss the orc.
The orc is heavily wounded.
The orc priest invokes the aid of Beogh against you.
Beogh smites you! The orc hits you but does no damage. x2
You thump the orc!
You kill the orc!
You hit the orc priest.
You kill the orc priest!
You closely miss the orc. The orc hits you but does no damage.
You closely miss the orc. The orc barely misses you.
You barely miss the orc. The orc completely misses you.
The orc hits you with a +0 hand axe.
You hit the orc but do no damage. The orc hits you but does no damage.
You closely miss the orc. The orc hits you but does no damage.
You sock the orc!
You kill the orc!
You sock the ogre!
The ogre is heavily wounded.
The ogre hits you with a +0 giant spiked club!
* * * LOW HITPOINT WARNING * * *
You hit the ogre.
The ogre is heavily wounded.
The ogre hits you with a +0 giant spiked club!
You die...

######...####.#####.##
##.#.# ............#
##.###.##.#
†.........(...#
##...###.#
.....##.###.#.# ###.#
#.# ..#..##.# .# # #.#
#.# ....###.# # #.#
#.# .#.## ..# #.# #.#
.#.#
#####.#.#########.#
#.# ....
#.....O@.......#
#.##### .###.
.[....##########
#...... ...#. ######.
> # #. #. #. #. ## #


You could see an ogre.

Vanquished Creatures
  An ice beast (D:5)
  2 ogres (D:5)
  2 black bears (D:4)
  2 phantoms
  2 scorpions (D:4)
  An orc priest (D:5)
  A hound (D:5)
  2 iguanas
  A jelly (D:4)
  Natasha (thrice) (D:3)
  9 adders
  A shadow imp (D:3)
  An ufetubus (D:3)
  2 worms
  2 dart slugs
  6 orcs
  5 bats
  4 endoplasms
  3 giant cockroaches
  6 goblins
  9 hobgoblins
  7 jackals
  5 kobolds
  A quokka (D:3)
  13 ball pythons
  3 frilled lizards
  7 rats
101 creatures vanquished.

Vanquished Creatures (others)
  9 plants (D:4)
9 creatures vanquished.

Grand Total: 110 creatures vanquished

Notes
Turn   | Place    | Note
-------+----------+-------------------------------------------
     0 | D:1      | Darius099 the Gargoyle Fighter began the quest for the Orb.
     0 | D:1      | Reached XP level 1. HP: 14/14 MP: 1/1
    38 | D:1      | Reached XP level 2. HP: 10/19 MP: 2/2
   422 | D:1      | Reached XP level 3. HP: 23/23 MP: 3/3
  1683 | D:2      | Reached XP level 4. HP: 29/29 MP: 4/4
  2143 | D:3      | Noticed Natasha
  2151 | D:3      | Killed Natasha
  2171 | D:3      | Reached XP level 5. HP: 30/33 MP: 5/5
  2218 | D:3      | Noticed Natasha
  2233 | D:3      | Killed Natasha
  2243 | D:3      | Noticed Natasha
  2248 | D:3      | Killed Natasha
  2346 | D:3      | Found a basalt altar of Yredelemnul.
  2577 | D:3      | Reached XP level 6. HP: 39/39 MP: 6/6
  2889 | D:4      | Reached skill level 5 in Fighting
  2889 | D:4      | Reached skill level 5 in Armour
  2889 | D:4      | Reached skill level 5 in Shields
  2926 | D:4      | Found a glowing silver altar of Zin.
  3101 | D:4      | Noticed a black bear
  3109 | D:4      | Killed a black bear
  3110 | D:4      | Reached XP level 7. HP: 37/44 MP: 7/7
  3209 | D:4      | Found Raunej's Antique Weapon Emporium.
  3394 | D:4      | Reached skill level 1 in Dodging
  3394 | D:4      | Reached skill level 1 in Spellcasting
  3608 | D:5      | Entered Level 5 of the Dungeon
  3665 | D:5      | Reached XP level 8. HP: 25/50 MP: 10/10
  4108 | D:5      | HP: 2/51 [ogre/+0 giant spiked club (17)]
  4109 | D:5      | Mangled by an ogre

Illustrated notes

Levels and vault maps discovered:
D:1:      elethiomel_arrival_quiet, layout_loops_ring, serial_forest,
          infiniplex_forest_straight_2, infiniplex_forest_clump_small,
          infiniplex_forest_clump_curved, infiniplex_forest_straight_5,
          infiniplex_forest_end_2, infiniplex_forest_clump_large,
          infiniplex_forest_clump_long, infiniplex_forest_zigzag_1,
          moated_statue
D:2:      layout_basic, minmay_pentomino_q2
D:3:      layout_basic, mainiacjoe_overflow_six_doors_small,
          minmay_divided_ellipse, uniq_natasha
D:4:      layout_basic, mainiacjoe_overflow_chevrons, serial_shops,
          kennysheep_mini, st_stairs_2, dk_noncrumbling_4, corner_web_ring
D:5:      minmay_inner_zag, layout_loops_ring, ebering_ghost_reflecting_pool,
          st_stairs_13

Skill      XL: |  1  2  3  4  5  6  7  8 |
---------------+-------------------------+-----
Armour         | 4 5 |  5.8
Fighting       | 4 5 |  5.8
Shields        | 4 5 |  5.8
Maces & Flails | 3 4 |  4.8
Dodging        | 1 |  1.9
Spellcasting   | 1 2 |  2.1

Action                     |  1- 3 |  4- 6 |  7- 9 || total
---------------------------+-------+-------+-------++-------
  Melee: Flail             |   101 |   210 |   129 ||   440
 Armour: Scale mail        |    36 |       |       ||    36
         Chain mail        |    22 |   202 |   121 ||   345
  Dodge: Dodged            |    54 |   103 |    67 ||   224
  Block: Buckler           |    22 |    63 |    32 ||   117

Table legend: (Time is in decaauts)
 A = Elapsed time spent in this place.
 B = Non-inter-level travel time spent in this place.
 C = Inter-level travel time spent in this place.
 D = Time resting spent in this place.
 E = Time spent auto-exploring this place.
 F = Levels seen in this place.
 G = Mean time per level.
                   A        B        C        D        E       F      G
               +--------+--------+--------+--------+--------+-----+--------+
         Total |   4226 |   4136 |     90 |    274 |   2743 |   5 |  845.2 |
       Dungeon |   4226 |   4136 |     90 |    274 |   2743 |   5 |  845.2 |
               +--------+--------+--------+--------+--------+-----+--------+

Top non-repeatable levels by time:
     D:1: 1195 daAuts
     D:2: 915 daAuts
     D:4: 903 daAuts
     D:3: 692 daAuts
     D:5: 519 daAuts
